 Dungeon Crawl Stone Soup version 0.21.1-1-g345015f (webtiles) character file.

572 Kairos the Shooter (level 7, -2/57 HPs)
             Began as a Centaur Hunter on Mar 26, 2018.
             Killed from afar by Natasha (7 damage)
             ... with a magic dart
             ... on level 4 of the Dungeon.
             The game lasted 00:09:05 (3779 turns).

Kairos the Shooter (Centaur Hunter)                 Turns: 3779, Time: 00:09:05

Health: -2/57      AC:  6    Str: 23    XL:     7   Next: 12%
Magic:  7/7        EV:  7    Int: 10    God:
Gold:   99         SH:  4    Dex: 10    Spells: 6/6 levels left

rFire    . . .     SeeInvis +   p - +1 flail (protect)
rCold    . . .     Gourm    .   (no shield)
rNeg     . . .     Faith    .   o - +0 ring mail
rPois    .         Spirit   .   n - +0 helmet
rElec    .         Reflect  +   (no cloak)
rCorr    .         Harm     .   (no gloves)
MR       .....                  (no barding)
Stlth    ..........             u - +4 amulet of reflection
HPRegen  0.19/turn              g - ring of see invisible
MPRegen  0.10/turn              t - -2 ring of evasion

@: mighty, very quick
A: large, hooves 3, deformed body, speed 2, strong 1, tough skin 3
a: no special abilities


You were on level 4 of the Dungeon.
You were not hungry.

You visited 1 branch of the dungeon, and saw 4 of its levels.

You collected 99 gold pieces.

Inventory:

Hand Weapons
 a - a +1 shortbow
 b - a +0 short sword
 d - a +0 war axe
 e - a +0 battleaxe
 p - a +1 flail of protection (weapon)
Missiles
 v - 3 javelins (quivered)
Armour
 c - a +0 leather armour
 n - a +0 helmet (worn)
 o - a +0 ring mail (worn)
Jewellery
 g - a ring of see invisible (left hand)
 l - an uncursed amulet of guardian spirit
 t - a -2 ring of evasion (right hand)
 u - a +4 amulet of reflection (around neck)
Scrolls
 i - 2 scrolls of amnesia
 m - 2 scrolls of remove curse
 q - a scroll of immolation
 s - 2 scrolls of teleportation {unknown}
Potions
 h - 2 potions of curing
 j - a potion of magic {unknown}
 k - a potion of might
 r - 3 potions of degeneration
Comestibles
 f - 5 rations


   Skills:
 + Level 3.0 Fighting
 + Level 2.1 Axes
 + Level 7.7 Bows
 + Level 2.8 Throwing
 + Level 1.7 Armour
 + Level 2.7 Dodging
 + Level 0.4 Stealth


You had 6 spell levels left.
You didn't know any spells.

Dungeon Overview and Level Annotations

Branches:
Dungeon (4/15)
 Temple: D:4-7

Altars:
Elyvilon

Annotations:
D:4 Natasha, Pikel


Innate Abilities, Weirdness & Mutations

You have hooves in place of feet.
Armour fits poorly on your strangely shaped body.
You cover ground very quickly.
You have extremely tough skin. (AC +3)
Your muscles are strong. (Str +2)


Message History

You hit Natasha but do no damage. You kick Natasha.
Natasha is heavily wounded.
Natasha howls an incantation.
Natasha shimmers violently.
Natasha casts a spell at you. You resist with some effort.
You block Natasha's attack.
You closely miss Natasha. Your kick misses Natasha.
Natasha is heavily wounded.
You block Natasha's attack.
Unknown command.
You barely miss Natasha.
Natasha is heavily wounded.
You block Natasha's attack. Pikel waves his whip at you.
Unknown command.
Sorry, you're not good enough to have a special ability.
You feel very mighty all of a sudden.
Natasha stares at you and mumbles some strange words.
The magic dart hits you!
You die...

##........ .. ##......... #.
#..K....... #. #..........
.### #.## #.......... ....#
#..### ##.K.....%..
....#####...# ###[.p........
#..........#####ZKp#.........
#<...###....@hSpp####........
#....#...######### ######.##
#.....### .# #...<##
.............# .#...#########
...# .#


You could see Pikel, 3 slaves, Natasha, an adder and a quokka skeleton.

Vanquished Creatures
  A hippogriff (D:3)
  Edmund (D:4)
  The ghost of Mirai the Magician, a weakling DECj (D:3)
  An orc priest (D:3)
  An orc wizard (D:3)
  Jessica (D:3)
  2 iguanas
  2 adders
  3 gnolls (D:3)
  A shadow imp (D:2)
  A dart slug (D:3)
  4 leopard geckos
  7 orcs (D:3)
  8 bats
  2 giant cockroaches
  6 goblins
  5 hobgoblins
  3 jackals (D:1)
  4 kobolds
  A quokka (D:2)
  A ball python (D:1)
  A frilled lizard (D:3)
  5 rats
62 creatures vanquished.

Notes
Turn   | Place    | Note
-------+----------+-------------------------------------------
     0 | D:1      | Kairos the Centaur Hunter began the quest for the Orb.
     0 | D:1      | Reached XP level 1. HP: 17/17 MP: 1/1
   440 | D:1      | Reached XP level 2. HP: 24/24 MP: 2/2
  1134 | D:2      | Reached skill level 6 in Bows
  1134 | D:2      | Reached XP level 3. HP: 22/29 MP: 3/3
  1549 | D:2      | Found a white marble altar of Elyvilon.
  2097 | D:3      | Noticed Jessica
  2106 | D:3      | Killed Jessica
  2106 | D:3      | Reached skill level 7 in Bows
  2106 | D:3      | Reached XP level 4. HP: 36/36 MP: 4/4
  2234 | D:3      | Reached XP level 5. HP: 22/42 MP: 3/5
  2511 | D:3      | Noticed Mirai's ghost (weakling DECj)
  2514 | D:3      | Killed Mirai's ghost
  2619 | D:3      | Gained mutation: You are resistant to hostile enchantments. (MR+) [potion of mutation]
  2619 | D:3      | Lost mutation: You are resistant to hostile enchantments. (MR+) [potion of mutation]
  2619 | D:3      | Gained mutation: Your muscles are strong. (Str +2) [potion of mutation]
  2753 | D:3      | Reached skill level 1 in Throwing
  2756 | D:3      | Noticed a hippogriff
  3208 | D:3      | Killed a hippogriff
  3208 | D:3      | Reached skill level 1 in Axes
  3208 | D:3      | Reached skill level 1 in Armour
  3208 | D:3      | Reached XP level 6. HP: 10/50 MP: 6/6
  3730 | D:4      | Noticed Edmund
  3747 | D:4      | Killed Edmund
  3747 | D:4      | Reached XP level 7. HP: 4/57 MP: 7/7
  3754 | D:4      | Noticed Pikel
  3756 | D:4      | Noticed Natasha
  3779 | D:4      | Killed from afar by Natasha

Skill      XL: |  1  2  3  4  5  6 |
---------------+-------------------+-----
Dodging        | 2 |  2.7
Bows           | 6 7 |  7.7
Throwing       | 2 |  2.8
Axes           | 1 2 |  2.1
Armour         | 1 |  1.7
Fighting       | 3 |  3.0
Stealth        | |  0.4

Action                   |  1- 3 |  4- 6 |  7- 9 || total
-------------------------+-------+-------+-------++-------
Melee: Shortbow          |    18 |     1 |       ||    19
       Kick              |     5 |    20 |     1 ||    26
       War axe           |       |    62 |       ||    62
       Flail             |       |       |     5 ||     5
 Fire: Shortbow          |   105 |    15 |       ||   120
Throw: Javelin           |       |    48 |       ||    48
  Use: Scroll            |       |     9 |       ||     9
       Potion            |       |     1 |     1 ||     2
  Eat: Chunk             |     1 |     4 |       ||     5
       Ration            |       |     1 |       ||     1
Armor: Leather armour    |    61 |       |       ||    61
       Ring mail         |       |    42 |       ||    42
Dodge: Dodged            |    58 |    44 |     2 ||   104
Block: Other             |       |    12 |     3 ||    15
